 Dungeon Crawl Stone Soup version 0.31-a0-188-g5e087ee2ca (webtiles) character file.

Game seed: 14320859041948701668

65 qw the Shooter (level 3, -7/20 HPs)
             Began as a Deep Elf Hunter on June 23, 2023.
             Blown up by Ijyb (14 damage)
             ... with a mindburst bolt
             ... on level 3 of the Dungeon.
             The game lasted 00:00:33 (1723 turns).

qw the Shooter (Deep Elf Hunter)                    Turns: 1723, Time: 00:00:33

Health: -7/20      AC:  8    Str: 10    XL:     3   Next: 94%
Magic:  5/5        EV: 14    Int: 13    God:
Gold:   122        SH:  0    Dex: 18    Spells: 2/2 levels left

rFire   . . .        Y - +0 shortbow
rCold   . . .        (shield currently unavailable)
rNeg    . . .        a - +0 scale mail
rPois   .            (no helmet)
rElec   .            g - +0 cloak
rCorr   .            (no gloves)
SInv    .            d - +0 pair of boots
Will    +....        (no amulet)
Stlth   +            i - +5 ring of evasion
HPRegen 0.23/turn    m - ring of willpower
MPRegen 0.09/turn

%: no passive effects
@: no status effects
A: no striking features
a: no special abilities


You were on level 3 of the Dungeon.
You visited 1 branch of the dungeon, and saw 3 of its levels.

You collected 122 gold pieces.


   Skills:
 - Level 1.5 Fighting
 + Level 7.4 Ranged Weapons
 - Level 2.4 Dodging
 - Level 1.2 Stealth


You had 2 spell levels left.
You didn't know any spells.
Your spell library was empty.

Inventory:

Hand Weapons
 Y - a +0 shortbow (weapon)
Armour
 a - a +0 scale mail (worn)
 b - a +0 ring mail
 d - a +0 pair of boots (worn)
 g - a +0 cloak (worn)
Jewellery
 e - a ring of positive energy
 i - a +5 ring of evasion (left hand)
 m - a ring of willpower (right hand)
Potions
 f - a potion of heal wounds
 h - a potion of magic {unknown}
 j - a potion of ambrosia {unknown}
 k - 3 potions of curing

Dungeon Overview and Level Annotations

Branches:
Dungeon (3/15)

Altars:
Ru

Annotations:
D:3 Ijyb


Message History

Your +0 cloak unmelds from your body.
Your +0 pair of boots unmelds from your body.
Your +0 scale mail unmelds from your body.
Done exploring.
1641 ||| DRINKING 4 fizzy emerald potions.
It was a potion of curing.
You feel better.
Done exploring.
1642 ||| DROPPING 3 potions of lignification.
You drop 3 potions of lignification.
Done exploring.
(D) Dungeon
Where to? (* - list waypoints, Enter - D:2, ? - help)
What level of the Dungeon? (default 1, ? - help)
There is a stone staircase leading down here.
You climb downwards.
You hear the sound of rushing water.
There is an entrance to a sewer on this level.
Hurry and find it before the portal rusts away!
There is a stone staircase leading up here.
Waypoint 2 assigned to D:3.
1660 ||| PLANNING SEWER
Found 5 boomerangs.
A kobold comes into view. It is wielding a +0 short sword.
The kobold shouts!
You shoot an arrow. The arrow hits the kobold!
You kill the kobold!
Things that are here:
a +0 short sword; a kobold corpse
Found a stone staircase leading down.
You hear the slow rusting of a drain nearby.
b - a +0 ring mail
Found a scale mail.
Ijyb the Twisted Goblin comes into view.
She is wielding a +0 club and carrying a wand of mindburst (16).
Ijyb zaps a wand.
Your mind is blasted!
Ouch! That really hurt!
You shoot an arrow. The arrow hits Ijyb.
Ijyb is lightly wounded.
You shoot an arrow. The arrow closely misses Ijyb.
Ijyb zaps a wand.
Your mind is blasted!
Ouch! That really hurt!
You die...

....>...# #.#
#..
#..###.#######
..g
#.............
#..
#.############
#.. #.# #..
#.######## #..
#.........
#..####..##..###
#$.@.....# #
#.######.# ..
.... #. #..## #
#..# #..# $.#
[.#


You could see Ijyb.

Vanquished Creatures
  A gnoll (D:1)
  An adder (D:2)
  2 dart slugs (D:2)
  3 endoplasms
  3 giant cockroaches (D:2)
  4 goblins
  4 hobgoblins
  8 kobolds
  A quokka (D:1)
  5 ball pythons
  4 bats
  4 frilled lizards
  2 rats (D:1)
42 creatures vanquished.

Notes
Turn   | Place    | Note
-------+----------+-------------------------------------------
     0 | D:1      | qw the Deep Elf Hunter began the quest for the Orb.
     0 | D:1      | Reached XP level 1. HP: 12/12 MP: 3/3
     0 | D:1      | 0 ||| qw: Version: 0.3-a-9-g12657ce
     0 | D:1      | 0 ||| qw: Game counter: 4329
     0 | D:1      | 0 ||| qw: Always use a shield: true
     0 | D:1      | 0 ||| qw: God list: Okawaru
     0 | D:1      | 0 ||| qw: Allow faded altars: false
     0 | D:1      | 0 ||| qw: Do Orc after D:15 true
     0 | D:1      | 0 ||| qw: Do second Lair branch before Depths: true
     0 | D:1      | 0 ||| qw: Lair rune preference: random
     0 | D:1      | 0 ||| qw: Plans: Normal
     0 | D:1      | 0 ||| PLANNING D:1-11
    29 | D:1      | Reached skill level 6 in Ranged Weapons
    29 | D:1      | Reached XP level 2. HP: 16/16 MP: 4/4
   553 | D:1      | Reached XP level 3. HP: 14/20 MP: 5/5
   852 | D:1      | 852 ||| UPGRADING to +0 pair of boots.
   857 | D:1      | 857 ||| UPGRADING to +5 ring of evasion.
   858 | D:1      | 858 ||| UPGRADING to ring of positive energy.
   859 | D:1      | 859 ||| UPGRADING to ring of willpower.
   861 | D:1      | 861 ||| READING scroll labelled QYAFOFR YREB.
   862 | D:1      | 862 ||| READING scroll labelled PURCHU ICAZU.
   863 | D:1      | 863 ||| DRINKING 2 bubbling pink potions.
   864 | D:1      | 864 ||| DROPPING scroll of butterflies.
   921 | D:2      | 921 ||| STAIRDANCE
  1045 | D:2      | Reached skill level 7 in Ranged Weapons
  1237 | D:2      | Found a sacrificial altar of Ru.
  1577 | D:2      | 1577 ||| UPGRADING to +0 scale mail.
  1579 | D:2      | 1579 ||| UPGRADING to +0 scale mail.
  1589 | D:2      | 1589 ||| DROPPING +0 leather armour.
  1590 | D:2      | 1590 ||| UPGRADING to +0 cloak.
  1602 | D:2      | 1602 ||| DRINKING 4 metallic inky potions.
  1641 | D:2      | 1641 ||| DRINKING 4 fizzy emerald potions.
  1642 | D:2      | 1642 ||| DROPPING 3 potions of lignification.
  1660 | D:3      | 1660 ||| PLANNING SEWER
  1721 | D:3      | Noticed Ijyb
  1723 | D:3      | Blown up by Ijyb

Levels and vault maps discovered:
D:1:      psy_arrival_conway, layout_loops_ring
D:2:      layout_basic, basic_altar
D:3:      layout_loops_ring, gup_sewer_entry_spiral, uniq_ijyb, uniq_sigmund

Skill      XL: |  1  2  3 |
---------------+----------+-----
Ranged Weapons | 6 7 |  7.4
Fighting       | |  1.5
Dodging        | |  2.4
Stealth        | |  1.2

Action                     || total
---------------------------++-------
   Fire: Shortbow          ||   115
    Use: Potion            ||     3
         Scroll            ||     2
 Armour: Leather armour    ||     9
  Dodge: Dodged            ||    27

Table legend:
 A = Non-vault XP
 B = Vault XP
 C = Vault XP percentage of total XP
 D = Non-vault monster count
 E = Vault monster count
 F = Vault count percentage of total count
                 A         B        C        D         E       F
            +---------+---------+-------+---------+---------+-------
      Total |      94 |       0 |   0.0 |      42 |       0 |   0.0
            +---------+---------+-------+---------+---------+-------
        D:1 |      49 |       0 |   0.0 |      24 |       0 |   0.0
        D:2 |      44 |       0 |   0.0 |      17 |       0 |   0.0
        D:3 |       1 |       0 |   0.0 |       1 |       0 |   0.0
            +---------+---------+-------+---------+---------+-------
